 Dungeon Sprint DCSS version 0.29-a0-613-gf2c431b9b9 (webtiles) character file.

Game seed: 14062504743753253846

1488 mhtbhm the Devastator (level 8, -9/41 HPs)
             Began as a Tengu Conjurer on June 16, 2022.
             Was a Priest of Vehumet.
             Mangled by a two-headed ogre
             ... wielding a +0 giant club
              (12 damage)
             ... in the Dungeon (Sprint III: "The Ten Rune Challenge").
             The game lasted 00:05:07 (1324 turns).

mhtbhm the Devastator (Tengu Conjurer)              Turns: 1324, Time: 00:05:08

Health: -9/41      AC:  2    Str:  9    XL:     8   Next: 80%
Magic:  16/20      EV: 17    Int: 20    God:    Vehumet [***...]
Gold:   27         SH:  0    Dex: 12    Spells: 4/21 levels left

rFire   . . .      SeeInvis .   (no weapon)
rCold   . . .      Faith    .   (no shield)
rNeg    . . .      Spirit   .   a - +0 robe
rPois   .          Reflect  .   (helmet restricted)
rElec   .          Harm     .   (no cloak)
rCorr   .          Rampage  .   (no gloves)
Will    .....      NoTele   +   (boots unavailable)
Stlth   +++.......              (no amulet)
HPRegen 0.13/turn               (no ring)
MPRegen 0.17/turn               (no ring)

@: flying quickly and evasively, quick
A: beak, talons 3, nimble flight, passive freeze
a: Renounce Religion


You were in the Dungeon.
You worshipped Vehumet.
Vehumet was most pleased with you.
You visited 1 branch You collected 27 gold pieces.

Inventory:

Armour
 a - a +0 robe (worn)
Wands
 l - a wand of iceblast (2)
Scrolls
 g - a scroll of blinking
 i - 2 scrolls of torment {unknown}
 j - 3 scrolls of identify
Potions
 b - a potion of magic
 c - 2 potions of curing
 d - 2 potions of heal wounds
 e - a potion of haste
 f - a potion of berserk rage
 h - 2 potions of mutation
 k - 2 potions of flight
Miscellaneous
 m - a lightning rod (4/4)


   Skills:
 + Level 6.2 Dodging
 + Level 5.8 Stealth
 + Level 7.3 Spellcasting
 + Level 20.2 Conjurations
 + Level 1.4 Air Magic
 + Level 0.9 Evocations


You had 4 spell levels left.
You knew the following spells:

 Your Spells              Type           Power      Damage    Failure   Level
a - Magic Dart            Conj           100%       1d8       0%          1
b - Searing Ray           Conj           100%       2d8       0%          2
c - Dazzling Flash        Conj/Hex       94%        N/A       1%          3
d - Fulminant Prism       Conj/Hex       23%        3d13      1%          4
e - Mephitic Cloud        Conj/Pois/Air  36%        N/A       1%          3
f - Iskenderun's Mystic   Conj/Tloc      47%        2d10      1%          4

Your spell library contained the following spells:

 Spells                   Type           Power      Damage    Failure   Level
 Inner Flame              Hex/Fire       7%         N/A       7%          3
 Poisonous Vapours        Pois/Air       20%        N/A       3%          2
 Ignite Poison            Fire/Tmut/Pois 7%         N/A       7%          3
 Sting                    Tmut/Pois      28%        1d4       9%          1
 Olgreb's Toxic Radiance  Pois           7%         N/A       22%         4
 Freezing Cloud           Conj/Ice/Air   18%        6-21      3%          5


Dungeon Overview and Level Annotations

Branches:
Dungeon (1/1)

Altars:
Cheibriados
Dithmenos
Elyvilon
Fedhas
Gozag
Hepliaklqana
Kikubaaqudgha
Makhleb
Nemelex Xobeh
Okawaru
Qazlal
Ru
Sif Muna
Trog
Uskayaw
Vehumet
Wu Jian
Xom
Yredelemnul
Zin
The Shining One
Beogh
Jiyva
Lugonu


Innate Abilities, Weirdness & Mutations

You have a beak for a mouth.
You have claws for feet.
Your magical nature lets you fly swiftly and evasively.
A frigid envelope surrounds you and freezes all who hurt you.


Message History

Your Spellcasting skill increases to level 7!
Your Conjurations skill increases to level 20!
Unknown command.
Aiming: Thunderbolt
Press: ? - help, Shift-Dir - straight line, f - two-headed ogre
Aim: a two-headed ogre, wielding two +0 giant clubs (moderately wounded)
The thunderbolt hits the two-headed ogre!!
You kill the two-headed ogre!
Vehumet accepts your kill.
Your lightning rod (4/4) has regained one charge.
Unknown command.
You start resting.
Magic restored.
Things that are here:
a +0 giant club; a +0 giant spiked club; a two-headed ogre corpse
Things that are here:
a +0 giant spiked club; a +0 giant club; a two-headed ogre corpse
Things that are here:
a +0 giant club; a +0 giant club A two-headed ogre comes into view.
It is wielding two +0 giant clubs.
Casting: Magic Dart (safe; 0% risk of failure)
Confirm with . or Enter, or press ? or * to list all spells.
Aiming: Searing Ray (safe; 0% risk of failure)
Press: ? - help, Shift-Dir - straight line, f - two-headed ogre
Aim: a two-headed ogre, wielding two +0 giant clubs (asleep, 100% to hit)
The searing ray hits the two-headed ogre.
The two-headed ogre is lightly wounded.
The two-headed ogre shouts in stereo! (Press . to maintain the ray.)
The searing ray hits the two-headed ogre!
The two-headed ogre is moderately wounded.
The searing ray hits the two-headed ogre!
The two-headed ogre is moderately wounded.
The two-headed ogre hits you with a +0 giant club!!!
Ouch! That really hurt!
* * * LOW HITPOINT WARNING * * *
The two-headed ogre is very cold.
The two-headed ogre is moderately wounded.
The two-headed ogre hits you with a +0 giant club!
You die...

#'###'## )....).#
.......# ######'#
#__#...#+###########
#__#...#....#.#. ..
#__#...##.#))#.# .#
#__#...'##)#.#.##O#
#__'...#...#..#.@#
▓▓▓▓▓▓▓▓▓▓▓▓▓▓▓▓▓▓


You could see a two-headed ogre.

Vanquished Creatures
  A deep elf pyromancer (D)
  A shadow (D)
  A spatial vortex (D)
  3 two-headed ogres (D)
  A water elemental (D)
  A necrophage (D)
  A jelly (D)
  Jessica (D)
  A necromancer (D)
  A wizard (D)
  3 humans (D)
  A kobold demonologist (D)
  A wolf (D)
  2 endoplasms (D)
  A rat (D)
20 creatures vanquished.

Notes
Turn   | Place    | Note
-------+----------+-------------------------------------------
     0 | D        | mhtbhm the Tengu Conjurer began the quest for the Orb.
     0 | D        | Reached XP level 1. HP: 10/10 MP: 4/4
    17 | D        | Reached skill level 6 in Conjurations
    31 | D        | Noticed Jessica
    34 | D        | Killed Jessica
    35 | D        | Reached skill level 8 in Conjurations
    35 | D        | Reached XP level 2. HP: 15/15 MP: 1/6
    35 | D        | Reached XP level 3. HP: 19/19 MP: 1/7
   203 | D        | Learned a level 2 spell: Searing Ray
   207 | D        | Learned a level 3 spell: Dazzling Flash
   235 | D        | Reached skill level 9 in Conjurations
   335 | D        | Reached skill level 10 in Conjurations
   335 | D        | Reached XP level 4. HP: 24/24 MP: 5/9
   381 | D        | Gained mutation: You are frail. (-10% HP) [potion of
                  | mutation]
   381 | D        | Gained mutation: You are agile. (Dex +4, Int/Str-1) [potion
                  | of mutation]
   382 | D        | Lost mutation: You are frail. (-10% HP) [potion of
                  | mutation]
   382 | D        | Lost mutation: You are agile. (Dex +4, Int/Str-1) [potion
                  | of mutation]
   382 | D        | Gained mutation: A frigid envelope surrounds you and
                  | freezes all who hurt you. [potion of mutation]
   410 | D        | Noticed a water elemental
   431 | D        | Killed a water elemental
   432 | D        | Reached skill level 12 in Conjurations
   432 | D        | Gained mutation: Your magical nature lets you fly swiftly
                  | and evasively. [Tengu growth]
   432 | D        | Reached XP level 5. HP: 27/28 MP: 1/11
   526 | D        | Learned a level 4 spell: Fulminant Prism
   673 | D        | Found a radiant altar of Vehumet.
   673 | D        | Found a shimmering blue altar of Sif Muna.
   673 | D        | Found an ancient bone altar of Kikubaaqudgha.
   678 | D        | Noticed a neqoxec
   681 | D        | Reached skill level 13 in Conjurations
   692 | D        | Became a worshipper of Vehumet
   810 | D        | Found a basalt altar of Yredelemnul.
   810 | D        | Found a shadowy altar of Dithmenos.
   810 | D        | Found a sacrificial altar of Ru.
   820 | D        | Reached skill level 14 in Conjurations
   820 | D        | Reached XP level 6. HP: 30/32 MP: 2/13
   905 | D        | Learned a level 3 spell: Mephitic Cloud
   907 | D        | Found a hide-covered altar of Uskayaw.
   907 | D        | Found an iron altar of Okawaru.
   907 | D        | Found a bloodstained altar of Trog.
   907 | D        | Found an ornate altar of the Wu Jian Council.
   907 | D        | Noticed a human
   907 | D        | Noticed a human
   913 | D        | Killed a human
   913 | D        | Reached * piety under Vehumet
   913 | D        | Offered knowledge of Freeze by Vehumet.
   914 | D        | Reached skill level 16 in Conjurations
   921 | D        | Killed a human
   922 | D        | Reached skill level 5 in Dodging
   922 | D        | Reached skill level 5 in Spellcasting
   922 | D        | Reached skill level 17 in Conjurations
   922 | D        | Reached XP level 7. HP: 36/36 MP: 12/15
  1005 | D        | Found a glowing silver altar of Zin.
  1005 | D        | Found a glowing golden altar of the Shining One.
  1005 | D        | Found a white marble altar of Elyvilon.
  1005 | D        | Noticed a deep elf pyromancer
  1015 | D        | Killed a deep elf pyromancer
  1016 | D        | Reached skill level 5 in Stealth
  1016 | D        | Reached skill level 18 in Conjurations
  1016 | D        | Reached skill level 1 in Air Magic
  1016 | D        | Reached XP level 8. HP: 41/41 MP: 4/18
  1110 | D        | Learned a level 4 spell: Iskenderun's Mystic Blast
  1124 | D        | Reached ** piety under Vehumet
  1124 | D        | Offered knowledge of Shock by Vehumet.
  1125 | D        | Reached skill level 19 in Conjurations
  1141 | D        | Noticed a shadow
  1145 | D        | Killed a shadow
  1176 | D        | Found a blossoming altar of Fedhas.
  1176 | D        | Found a stormy altar of Qazlal.
  1176 | D        | Found a snail-covered altar of Cheibriados.
  1176 | D        | Found a burning altar of Makhleb.
  1176 | D        | Found a shimmering altar of Xom.
  1177 | D        | Found a hazy altar of Hepliaklqana.
  1177 | D        | Found an opulent altar of Gozag.
  1177 | D        | Found a sparkling altar of Nemelex Xobeh.
  1177 | D        | Found a corrupted altar of Lugonu.
  1177 | D        | Found a viscous altar of Jiyva.
  1303 | D        | Offered knowledge of Inner Flame by Vehumet.
  1303 | D        | Reached *** piety under Vehumet
  1304 | D        | Reached skill level 20 in Conjurations
  1321 | D        | Noticed a two-headed ogre
  1324 | D        | Mangled by a two-headed ogre

Illustrated notes

Levels and vault maps discovered:
D:        dungeon_sprint_mu [sprint_mu_entry_forest, sprint_mu_temple_rooms,
          sprint_mu_d1_spiders, sprint_mu_d2_genie, sprint_mu_d3_branching,
          sprint_mu_orc_legion, sprint_mu_elf_gauntlet, sprint_mu_hive_nellie,
          sprint_mu_lair_fedhas, sprint_mu_vaults_butterflies,
          sprint_mu_slime_circle, sprint_mu_shoals_archi,
          sprint_mu_snake_twists, sprint_mu_blade_basic,
          sprint_mu_crypt_chambers, sprint_mu_tomb_spiral,
          sprint_mu_vestibule_basic, sprint_mu_gehenna_hellfire,
          sprint_mu_dis_giant, sprint_mu_tartarus_statrot,
          sprint_mu_cocytus_islands, sprint_mu_zot1]

Skill      XL: |  1  2  3  4  5  6  7  8 |
---------------+-------------------------+-----
Conjurations   | 8 10 12 14 17 18 20 | 20.2
Dodging        | 3 4 5 6 |  6.2
Spellcasting   | 3 4 5 6 7 |  7.3
Stealth        | 3 4 5 |  5.8
Air Magic      | 1 |  1.4
Evocations     | |  0.9

Action                   |  1- 3 |  4- 6 |  7- 9 || total
-------------------------+-------+-------+-------++-------
 Cast: Magic Dart        |     9 |       |    10 ||    19
       Searing Ray       |     3 |    10 |     9 ||    22
       Mephitic Cloud    |       |     1 |     1 ||     2
       Iskenderun's Myst |       |       |     2 ||     2
Evoke: Wand              |       |     1 |       ||     1
       Lightning rod     |       |       |     4 ||     4
  Use: Potion            |     1 |     4 |       ||     5
Armor: Robe              |       |     1 |       ||     1
Dodge: Dodged            |     3 |     9 |     2 ||    14

Table legend: (Time is in decaauts)
 A = Elapsed time spent in this place.
 B = Non-inter-level travel time spent in this place.
 C = Inter-level travel time spent in this place.
 D = Time resting spent in this place.
 E = Time spent auto-exploring this place.
 F = Levels seen in this place.
 G = Mean time per level.
                   A        B        C        D        E       F      G
               +--------+--------+--------+--------+--------+-----+--------+
         Total |   1303 |   1303 |      0 |    958 |      0 |   1 | 1303.0 |
       Dungeon |   1303 |   1303 |      0 |    958 |      0 |   1 | 1303.0 |
               +--------+--------+--------+--------+--------+-----+--------+

Top non-repeatable levels by time:
       D: 1303 daAuts
